 Dungeon Crawl Stone Soup version 0.26.1-11-gd32895ea62 (webtiles) character file.

Game seed: 15688591411683937994

621 Revguard the Magician (level 7, 0/57 HPs)
             Began as a Demonspawn Transmuter on Apr 28, 2021.
             Was an Initiate of Wu Jian.
             Slain by Duvessa
             ... wielding a +0 short sword
              (5 damage)
             ... on level 5 of the Dungeon.
             The game lasted 00:14:14 (5469 turns).

Revguard the Magician (Demonspawn Transmuter)       Turns: 5469, Time: 00:14:15

Health: 0/57       AC:  5    Str: 11    XL:     7   Next: 22%
Magic:  8/12       EV: 11    Int: 16    God:    Wu Jian [......]
Gold:   213        SH:  0    Dex: 13    Spells: 2/13 levels left

rFire    . . .     SeeInvis .     - Unarmed
rCold    . . .     Faith    .   (no shield)
rNeg     + . .     Spirit   .   f - +0 ring mail
rPois    .         Reflect  .   (no helmet)
rElec    .         Harm     .   (no cloak)
rCorr    .         Rampage  .   (no gloves)
Will     .....     Clarity  +   (no boots)
Stlth    +.........             (no amulet)
HPRegen  0.19/turn              h - ring of positive energy
MPRegen  0.13/turn              (no ring)

@: about to teleport
A: claws 1, hooves 1, clarity, robust 1, spiny 2, MP-powered wands
a: Renounce Religion


You were on level 5 of the Dungeon.
You worshipped Wu Jian.
Wu Jian was noncommittal.
You visited 2 branches of the dungeon, and saw 6 of its levels.

You collected 325 gold pieces.
You spent 112 gold pieces at shops.

Inventory:

Armour
 f - a +0 ring mail (worn)
Jewellery
 h - a ring of positive energy (left claw)
Wands
 a - a wand of paralysis (5)
Scrolls
 b - a scroll of enchant weapon {unknown}
 c - 2 scrolls of teleportation
 d - a scroll of amnesia {unknown}
 j - a scroll of remove curse
 k - 2 scrolls of magic mapping
Potions
 i - a potion of haste


   Skills:
 * Level 3.4 Fighting
 + Level 2.1 Armour
 + Level 2.8 Dodging
 - Level 0.5 Stealth
 + Level 3.5 Unarmed Combat
 * Level 3.8 Spellcasting
 + Level 3.0 Transmutations
 + Level 1.9 Poison Magic
 + Level 1.2 Evocations


You had 2 spell levels left.
You knew the following spells:

 Your Spells              Type           Power        Failure   Level
a - Beastly Appendage     Tmut           24%          12%         1
b - Wereblood             Tmut           12%          19%         2
c - Spider Form           Tmut/Pois      5%           41%         3
d - Blade Hands           Tmut           6%           97%         5

Your spell library contained the following spells:

 Spells                   Type           Power        Failure   Level
 Ice Form                 Ice/Tmut       7%           91%         4


Dungeon Overview and Level Annotations

Branches:
Dungeon (5/15)             Temple (1/1) D:5

Altars:
Ashenzari
Dithmenos
Elyvilon
Fedhas
Gozag
Kikubaaqudgha
Nemelex Xobeh
Okawaru
Qazlal
Uskayaw
Vehumet
Wu Jian
Xom
Yredelemnul

Shops:
D:4 *

Annotations:
D:5 Dowan, Duvessa


Innate Abilities, Weirdness & Mutations

You have sharp fingernails.
You are mostly covered in sharp spines.
You have large cloven feet.
You possess an exceptional clarity of mind.
You are robust. (+10% HP)
You expend magic power (3 MP) to strengthen your wands.


Message History

Duvessa hits you with a +0 short sword!
Dowan says, "My weaknesses are her strengths!"
Duvessa barely misses you.
You bite Duvessa!
Duvessa is heavily wounded.
Duvessa completely misses you.
You hit Duvessa.
Duvessa is heavily wounded.
Duvessa hits you with a +0 short sword!
* * * LOW HITPOINT WARNING * * *
Duvessa hits you with a +0 short sword!
* * * LOW HITPOINT WARNING * * *
Your transformation has ended.
Your +0 ring mail unmelds from your body.
Dowan says, "My weaknesses are her strengths!"
Okay, then.
As you read the scroll of teleportation, it crumbles to dust.
You feel strangely unstable. Duvessa is struck by your spines.
Duvessa hits you with a +0 short sword.
You die...

#####
#...##
#@#..#
#e##.#
#e##.#
#.##.#
#.##.##
#.##..#
#.###.#
#.# #.#
#.# #.#


You could see Duvessa (fast, poisoned) and Dowan.

Vanquished Creatures
  An ice beast (D:5)
  A sky beast (D:5)
  A necrophage (D:5)
  A howler monkey (D:4)
  2 hounds (D:5)
  Ijyb (D:4)
  3 worker ants (D:4)
  5 adders
  A white imp (D:5)
  An ufetubus (D:5)
  2 oozes
  A worm (D:3)
  3 dart slugs
  3 leopard geckos
  5 orcs
  4 ball pythons
  4 giant cockroaches
  10 goblins
  5 hobgoblins
  4 jackals (D:2)
  6 kobolds
  3 quokkas
  7 bats
  8 frilled lizards
  A quokka zombie (D:5)
  10 rats
93 creatures vanquished.

Notes
Turn   | Place    | Note
-------+----------+-------------------------------------------
     0 | D:1      | Revguard the Demonspawn Transmuter began the quest for the
                  | Orb.
     0 | D:1      | Reached XP level 1. HP: 15/15 MP: 3/3
   249 | D:1      | Gained mutation: You have sharp fingernails. [demonic
                  | ancestry]
   249 | D:1      | Reached XP level 2. HP: 10/21 MP: 3/5
   459 | D:1      | Learned a level 2 spell: Wereblood
   784 | D:1      | Gained mutation: You are partially covered in sharp spines.
                  | [demonic ancestry]
   784 | D:1      | Reached XP level 3. HP: 16/26 MP: 6/6
  1358 | D:2      | Learned a level 3 spell: Spider Form
  1914 | D:2      | Reached skill level 1 in Armour
  1914 | D:2      | Reached XP level 4. HP: 33/33 MP: 5/7
  1939 | D:2      | Gained mutation: You expend magic power (3 MP) to
                  | strengthen your wands. [potion of mutation]
  1939 | D:2      | Gained mutation: You possess an exceptional clarity of
                  | mind. [potion of mutation]
  1939 | D:2      | Gained mutation: You are strong-willed. (Will+) [potion of
                  | mutation]
  1939 | D:2      | Gained mutation: You have sharp toenails. [potion of
                  | mutation]
  2785 | D:3      | Found a sparkling altar of Nemelex Xobeh.
  2785 | D:3      | Found a stormy altar of Qazlal.
  2786 | D:3      | Found a basalt altar of Yredelemnul.
  3655 | D:4      | Found Oteseu's General Store.
  3664 | D:4      | Reached XP level 5. HP: 36/38 MP: 9/9
  3680 | D:4      | Bought a potion of mutation for 112 gold pieces
  3706 | D:4      | Reached skill level 1 in Poison Magic
  4040 | D:4      | Noticed Ijyb
  4053 | D:4      | Killed Ijyb
  4431 | D:4      | Lost mutation: You possess an exceptional clarity of mind.
                  | [potion of mutation]
  4431 | D:4      | Lost mutation: You expend magic power (3 MP) to strengthen
                  | your wands. [potion of mutation]
  4431 | D:4      | Lost mutation: You are strong-willed. (Will+) [potion of
                  | mutation]
  4431 | D:4      | Gained mutation: You possess an exceptional clarity of
                  | mind. [potion of mutation]
  4431 | D:4      | Gained mutation: Your flesh is cold resistant. (rC+)
                  | [potion of mutation]
  4432 | D:4      | Lost mutation: You possess an exceptional clarity of mind.
                  | [potion of mutation]
  4432 | D:4      | Lost mutation: Your flesh is cold resistant. (rC+) [potion
                  | of mutation]
  4432 | D:4      | Lost mutation: You have sharp toenails. [potion of
                  | mutation]
  4432 | D:4      | Gained mutation: You are dopey. (Int -2) [potion of
                  | mutation]
  4432 | D:4      | Gained mutation: You have large cloven feet. [potion of
                  | mutation]
  4432 | D:4      | Gained mutation: Your muscles are strong. (Str +2) [potion
                  | of mutation]
  4432 | D:4      | Gained mutation: You are resistant to electric shocks.
                  | (rElec) [potion of mutation]
  4433 | D:4      | Lost mutation: You are resistant to electric shocks.
                  | (rElec) [potion of mutation]
  4433 | D:4      | Lost mutation: You are dopey. (Int -2) [potion of mutation]
  4433 | D:4      | Lost mutation: Your muscles are strong. (Str +2) [potion of
                  | mutation]
  4433 | D:4      | Gained mutation: You expend magic power (3 MP) to
                  | strengthen your wands. [potion of mutation]
  4433 | D:4      | Gained mutation: You possess an exceptional clarity of
                  | mind. [potion of mutation]
  4433 | D:4      | Gained mutation: You are robust. (+10% HP) [potion of
                  | mutation]
  4469 | D:5      | Entered Level 5 of the Dungeon
  4469 | D:5      | Noticed a necrophage
  4479 | D:5      | Killed a necrophage
  4480 | D:5      | Gained mutation: You are mostly covered in sharp spines.
                  | [demonic ancestry]
  4480 | D:5      | Reached XP level 6. HP: 38/50 MP: 9/11
  4641 | D:5      | Learned a level 5 spell: Blade Hands
  4756 | D:5      | Noticed an ice beast
  4764 | D:5      | Noticed a sky beast
  4781 | D:5      | Killed a sky beast
  4782 | D:5      | Reached skill level 1 in Evocations
  4790 | D:5      | HP: 1/51 [ice beast (10)]
  4801 | D:5      | Found an iron altar of Okawaru.
  4802 | D:5      | Killed an ice beast
  4803 | D:5      | Reached XP level 7. HP: 3/57 MP: 1/12
  5295 | D:5      | Found a staircase to the Ecumenical Temple.
  5300 | Temple   | Entered the Ecumenical Temple
  5405 | Temple   | Became a worshipper of the Wu Jian Council
  5448 | D:5      | Noticed Dowan
  5448 | D:5      | Noticed Duvessa
  5469 | D:5      | Slain by Duvessa

Illustrated notes

Levels and vault maps discovered:
D:1:      dpeg_arrival_subterranean_lakeside_camping, layout_loops_ring
D:2:      layout_basic, wander_ebering_terrifying_dragon_lair
D:3:      layout_loops_corners, gammafunk_temple_overflow_claw,
          portal_sewer_entry_d, minivault_27
D:4:      layout_rooms, serial_shops, shop, bh_walls_and_bars, uniq_ijyb
D:5:      minmay_diamond_boxcup, layout_rooms, lemuel_doored_altar,
          nicolae_ru_sacrificial_ziggurat, lemuel_crystal_altar,
          minmay_temple_entry_butterflies, serial_bayou_pond_a,
          minmay_starry_boxes, uniq_duvessa
Temple:   compressed_dpeg_circular_temple

Skill      XL: |  1  2  3  4  5  6  7 |
---------------+----------------------+-----
Transmutations | 2 3 |  3.0
Dodging        | 2 |  2.8
Armour         | 1 2 |  2.1
Unarmed Combat | 3 |  3.5
Fighting       | 2 3 |  3.4
Spellcasting   | 3 |  3.8
Poison Magic   | 1 |  1.9
Evocations     | 1 |  1.2
Stealth        | |  0.5

Action                   |  1- 3 |  4- 6 |  7- 9 || total
-------------------------+-------+-------+-------++-------
Melee: Unarmed           |   103 |   130 |    20 ||   253
       Kick              |    12 |    22 |     1 ||    35
       Headbutt          |     3 |       |       ||     3
       Punch             |       |     1 |       ||     1
 Cast: Beastly Appendage |    21 |     2 |       ||    23
       Wereblood         |       |     1 |       ||     1
       Spider Form       |       |       |     1 ||     1
Invok: Lunge             |       |       |     1 ||     1
Evoke: Wand              |       |     5 |       ||     5
  Use: Scroll            |       |    10 |     2 ||    12
       Potion            |       |    11 |     1 ||    12
 Stab: Sleeping          |     1 |       |       ||     1
Armor: Robe              |    27 |       |       ||    27
       Ring mail         |     7 |    38 |     2 ||    47
Dodge: Dodged            |    89 |    69 |    17 ||   175
